 Dungeon Crawl Stone Soup version 0.17-a0-1914-gde4187c (webtiles) character file.

1873 Kolbur the Spear-Bearer (level 9, -3/65 HPs)
             Began as a Merfolk Ice Elementalist on Sept 26, 2015.
             Was a Believer of Makhleb.
             Killed from afar by a wizard (24 damage)
             ... with a fireball
             ... on level 12 of the Dungeon.
             The game lasted 00:47:30 (2614 turns).

Kolbur the Spear-Bearer (Merfolk Ice Elementalist)  Turns: 2614, Time: 00:47:30

Health: -3/65      AC:  8    Str:  8    XL:     9   Next: 14%
Magic:  9/12       EV: 15    Int: 15    God:    Makhleb [**....]
Gold:   254        SH:  0    Dex: 17    Spells: 3 memorised, 4 levels left

rFire  . . .     SeeInvis +     a - +0 halberd (protect)
rCold  . . .     Clarity  .     y - troll hide {Purgy}
rNeg   . . .     SustAt   .     (no shield)
rPois  .         Gourm    .     (no helmet)
rElec  .         Spirit   .     n - +0 cloak
rCorr  .         Warding  .     (no gloves)
rMut   .         Stasis   .     (no boots)
MR     .....                    (no amulet)
Stlth  ++........               (no ring)
                                m - ring of see invisible

@: not resistant to hostile enchantments, unstealthy
A: change form in water, swift swim
a: Minor Destruction, Renounce Religion


You were on level 12 of the Dungeon.
You worshipped Makhleb.
Makhleb was pleased with you.
You were very hungry.

You visited 1 branch of the dungeon, and saw 12 of its levels.
You also visited: Sewer.

You collected 302 gold pieces.
You spent 48 gold pieces at shops.

Inventory:

Hand weapons
 a - a +0 halberd of protection (weapon)
 b - a +0 trident
Missiles
 g - 102 stones
 h - 3 tomahawks (quivered)
 j - 5 needles of frenzy
 k - 6 needles of slowing
 C - 21 poisoned needles
Armour
 n - a +0 cloak (worn)
 s - a +0 robe
 y - a troll hide (worn) {Purgy}
Jewellery
 m - a ring of see invisible (left hand)
Magical devices
 w - a wand of lightning (3)
Scrolls
 e - a scroll of remove curse
 i - a scroll of amnesia
Potions
 d - 3 potions of heal wounds
 f - a potion of ambrosia {unknown}
 l - a potion of degeneration {unknown}
 o - a potion of poison {unknown}
 p - 2 potions of brilliance
 r - 3 potions of curing {unknown}
 t - a potion of cure mutation {unknown}
 v - 2 potions of agility {unknown}
 A - a potion of mutation {unknown}
Books
 B - a book of Frost

   Spells                             Type                      Level
   a - Freeze                         Ice                          1
   b - Throw Frost                    Conjuration/Ice              2
   c - Ozocubu's Armour               Charms/Ice                   3
   d - Throw Icicle                   Conjuration/Ice              4
   e - Summon Ice Beast               Ice/Summoning                4
   f - Condensation Shield            Ice                          4
Comestibles
 c - 2 bread rations
 q - 2 meat rations


   Skills:
 + Level 4.2 Fighting
 * Level 11.9 Polearms
 + Level 6.1 Dodging
 - Level 2.1 Stealth
 - Level 2.0 Spellcasting
   Level 0.7 Conjurations
 - Level 2.2 Charms
 + Level 5.6 Ice Magic


You had 4 spell levels left.
You knew the following spells:

 Your Spells              Type           Power        Failure   Level  Hunger
a - Freeze                Ice            ###.         3%          1    #......
o - Ozocubu's Armour      Chrm/Ice       ##......     24%         3    ###....
s - Condensation Shield   Ice            ###.......   34%         4    #####..


Dungeon Overview and Level Annotations

Branches:
Dungeon (12/15)            Temple (0/1) D:4             Orc (0/4) D:9
   Lair: D:8-11

Altars:
Makhleb

Shops:
D:7 *


Message History

You hear a shout!
The wizard misses you.
Use which ability?
Okay, then.
Read which item? (? for menu, Esc to quit)
Okay, then.
Unknown command.
You slash the wizard!
The wizard is moderately wounded.
The wizard hits you but does no damage.
You slash the wizard!
The wizard is severely wounded.
The wizard casts a spell.
The wizard flickers and vanishes for a moment.
You slash the wizard!
The wizard is almost dead.
The wizard gestures at you while chanting.
The fireball explodes!
The fireball engulfs you!
Your icy armour melts away.
You die...

+# #.# #.# #....
#'# ###.... ##'#+##
.......##+#.#†#$#+
#..##..#.#.#.#p#.#
#..##..#.##.###@#
.#..##..#'#(#####+#
.#..# #...(.......+
.#..####..........#
.#.................
.#..######....#####
.#..# ###### .#..#
.#..#


You could see a wizard (invisible).

Vanquished Creatures
  A troll (D:12)
  A hippogriff (D:10)
  Purgy (Sewer)
  A sky beast (D:11)
  An ogre (D:5)
  2 ice beasts
  3 centaurs
  3 giant frogs (D:7)
  A scorpion (D:6)
  2 hounds
  3 orc wizards
  2 orc priests (D:7)
  2 jellies
  A quasit (D:10)
  2 iguanas
  3 worker ants
  A hound skeleton (D:7)
  A worker ant zombie (D:11)
  3 river rats (D:2)
  3 adders
  2 gnolls (D:2)
  A shadow imp (D:7)
  2 worms (D:5)
  11 orcs
  2 giant cockroaches
  7 goblins
  8 hobgoblins
  4 jackals
  5 kobolds
  A ball python (D:2)
  18 bats
  3 giant geckos
  6 rats
  A plant (D:2)
108 creatures vanquished.

Notes
Turn   | Place    | Note
--------------------------------------------------------------
     0 | D:1      | Kolbur the Merfolk Ice Elementalist began the quest for the Orb.
     0 | D:1      | Reached XP level 1. HP: 13/13 MP: 3/3
   169 | D:1      | Reached XP level 2. HP: 11/19 MP: 0/5
   181 | D:1      | Reached skill level 4 in Ice Magic
   398 | D:1      | Reached skill level 1 in Polearms
   398 | D:1      | Reached XP level 3. HP: 22/24 MP: 0/6
   590 | D:2      | Learned a level 3 spell: Ozocubu's Armour
   619 | D:2      | Reached XP level 4. HP: 13/30 MP: 1/7
   864 | D:2      | Reached skill level 5 in Ice Magic
   881 | D:2      | Found a burning altar of Makhleb.
   964 | D:2      | Became a worshipper of Makhleb the Destroyer
  1111 | D:3      | Reached XP level 5. HP: 28/35 MP: 4/8
  1178 | D:4      | Found a staircase to the Ecumenical Temple.
  1182 | D:4      | Reached skill level 5 in Polearms
  1200 | D:5      | Entered Level 5 of the Dungeon
  1301 | D:5      | Noticed a sky beast
  1356 | D:5      | Found a glowing drain.
  1370 | D:5      | Noticed an ogre
  1373 | D:5      | Reached skill level 1 in Fighting
  1373 | D:5      | Reached XP level 6. HP: 40/43 MP: 4/9
  1379 | D:5      | Killed an ogre
  1379 | D:5      | Reached skill level 6 in Polearms
  1395 | D:5      | Learned a level 4 spell: Condensation Shield
  1404 | Sewer    | Entered a sewer
  1469 | Sewer    | Noticed Purgy
  1492 | Sewer    | Killed Purgy
  1492 | Sewer    | Acquired Makhleb's first power
  1492 | Sewer    | Reached skill level 7 in Polearms
  1629 | D:6      | Reached XP level 7. HP: 46/50 MP: 7/10
  1655 | D:6      | Reached skill level 8 in Polearms
  1702 | D:7      | Reached skill level 9 in Polearms
  1830 | D:7      | Reached XP level 8. HP: 41/58 MP: 1/11
  1859 | D:7      | Found Raoli's Assorted Antiques.
  1864 | D:7      | Bought a scroll labeled BALE TIASCHOE for 24 gold pieces
  1864 | D:7      | Bought a scroll labeled BALE TIASCHOE for 24 gold pieces
  1979 | D:7      | Reached skill level 10 in Polearms
  2075 | D:8      | Noticed a hill giant
  2148 | D:7      | Acquired Makhleb's second power
  2148 | D:7      | Reached skill level 5 in Dodging
  2212 | D:7      | Reached skill level 1 in Charms
  2334 | D:10     | Entered Level 10 of the Dungeon
  2344 | D:9      | Noticed a two-headed ogre
  2395 | D:9      | Found a staircase to the Orcish Mines.
  2443 | D:10     | Reached skill level 11 in Polearms
  2508 | D:11     | Reached XP level 9. HP: 57/65 MP: 1/12
  2607 | D:12     | Noticed a wizard
  2614 | D:12     | Killed from afar by a wizard

Vault maps used:
D:1:      dpeg_arrival_rhombi, roderic_serpentine_path
D:2:      wad_woods_stonehenge, nicolae_tso_carved_into_rock
D:3:      first_bread, uniq_iyjb
D:4:      temple_green, uniq_blork_the_orc, uniq_edmund, uniq_sigmund
D:5:      nicolae_overflow_hidden_temple, portal_sewer_entry_a
D:6:      lemuel_doored_altar, lemuel_flame_loot_1
D:7:      serial_shops, nicolae_shop_overgrown_old_shop, nrook_mini_vaults
D:8:      lemuel_coloured_pillars_altar
D:9:      erik_lair_orcish_takeover, minmay_orc_entry_temple_small
D:11:     serial_shops, nicolae_shop_statue_plus, hangedman_stone_soup,
          fedhas_bush_and_centaur_altar
D:12:     minmay_wizard_corner
Sewer:    sewer_the_crocodile

Action                   |  1- 3 |  4- 6 |  7- 9 || total
-------------------------+-------+-------+-------++-------
Melee: Unarmed           |    14 |       |       ||    14
       Spear             |    54 |     8 |       ||    62
       Halberd           |       |    48 |   118 ||   166
Throw: Stone             |     7 |    13 |     2 ||    22
       Tomahawk          |       |       |     2 ||     2
 Cast: Freeze            |    43 |    62 |    63 ||   168
       Ozocubu's Armour  |       |     1 |     7 ||     8
Evoke: Wand              |       |     1 |     4 ||     5
  Use: Scroll            |     1 |     9 |     2 ||    12
 Stab: Sleeping          |     5 |     6 |     3 ||    14
       Distracted        |       |       |     2 ||     2
  Eat: Chunk             |       |     5 |     5 ||    10

Vault maps used:
D:1:      dpeg_arrival_rhombi, roderic_serpentine_path
D:2:      wad_woods_stonehenge, nicolae_tso_carved_into_rock
D:3:      first_bread, uniq_iyjb
D:4:      temple_green, uniq_blork_the_orc, uniq_edmund, uniq_sigmund
D:5:      nicolae_overflow_hidden_temple, portal_sewer_entry_a
D:6:      lemuel_doored_altar, lemuel_flame_loot_1
D:7:      serial_shops, nicolae_shop_overgrown_old_shop, nrook_mini_vaults
D:8:      lemuel_coloured_pillars_altar
D:9:      erik_lair_orcish_takeover, minmay_orc_entry_temple_small
D:11:     serial_shops, nicolae_shop_statue_plus, hangedman_stone_soup,
          fedhas_bush_and_centaur_altar
D:12:     minmay_wizard_corner
Sewer:    sewer_the_crocodile

Table legend:
 A = Turns spent in this place as a percentage of turns spent in the entire game.
 B = Non-inter-level travel turns spent in this place as a percentage of non-inter-level travel turns spent in the entire game.
 C = Inter-level travel turns spent in this place as a percentage of turns spent in this place.
 D = Turns resting spent in this place as a percentage of non-inter-level travel turns spent in this place.
 E = Turns spent auto-exploring this place as a percentage of non-inter-level travel turns spent in this place.
 F = Non-inter-level travel turns spent in this place divided by the number of levels of this place that you've seen.
                   A       B       C       D       E      F
               +-------+-------+-------+-------+-------+----------------------
         Total | 100.0 | 100.0 |   0.4 |   0.2 |   0.1 | 177.3
       Dungeon |  93.2 |  93.1 |   0.5 |   0.1 |   0.1 | 178.9
         Sewer |   6.8 |   6.9 |   0.0 |   1.3 |   0.0 | 158.0
               +-------+-------+-------+-------+-------+----------------------
